 Dungeon Crawl Stone Soup version 0.30.0-19-g36f170ea60 (webtiles) character file.

Game seed: 17231103402828183893

191038 melkoren the Warrior (level 17, -7/166 HPs)
             Began as a Minotaur Berserker on May 27, 2023.
             Was the Champion of Trog.
             Mangled by a death yak (10 damage)
             ... led by Polyphemus
             ... while petrified
             ... on level 2 of the Shoals.
             The game lasted 01:43:20 (33048 turns).

melkoren the Warrior (Minotaur Berserker)          Turns: 33048, Time: 01:43:29

Health: -7/166     AC: 22    Str: 23    XL:     17   Next: 56%
Magic:  16/16      EV:  2    Int:  6    God:    Trog [******]
Gold:   2073       SH:  0    Dex: 15    Spells: 16/16 levels left

rFire   . . .        V - +16 obsidian axe {drain, demonic, Mesm Drain Fly SInv}
rCold   . . .        b - +0 kite shield
rNeg    + + +        k - +4 ring mail of Pessimism {Regen+ rCorr SInv}
rPois   ∞            (helmet restricted)
rElec   .            v - scarf {repulsion}
rCorr   +            R - +0 pair of gloves
SInv    +            (no boots)
Will    +++++        D - amulet of the Four Winds {rN+ Will+++ Clar}
Stlth   +            M - ring of the Tortoise {AC+8}
HPRegen 1.27/turn    d - +5 ring of evasion
MPRegen 0.15/turn

%: repel missiles, clarity
@: petrified, spiked, flying, mesmerised
A: horns 2, retaliatory headbutt, strong-willed 1
}: 1/15 runes: gossamer
a: Renounce Religion, Berserk, Trog's Hand, Brothers in Arms


You were on level 2 of the Shoals.
You worshipped Trog.
Trog was exalted by your worship.
You visited 5 branches of the dungeon, and saw 28 of its levels.
You visited 1 bazaar.
You also visited: Bailey and Gauntlet.

You collected 2621 gold pieces.
You spent 548 gold pieces at shops.

Inventory:

Hand Weapons
 a - a +5 antimagic executioner's axe
 O - a +4 scimitar of flaming
 V - the +16 obsidian axe (weapon) {drain, demonic, Mesm Drain Fly SInv}
   (You found it on level 1 of the Lair of Beasts)

   Mesm:      Its wielder is mesmerised by any visible foes, and it cannot be
   unequipped while any foes are visible.
   SInv:      It lets you see invisible.
   Fly:       It grants you flight.
   Drain:     It drains your maximum health when unequipped.
Missiles
 f - 8 silver javelins
 S - 135 stones (quivered)
Armour
 b - a +0 kite shield (worn)
 k - the +4 ring mail of Pessimism (worn) {Regen+ rCorr SInv}
   (You found it on level 4 of the Dungeon)

   SInv:      It lets you see invisible.
   Regen:     It increases your rate of health regeneration.
   rCorr:     It protects you from acid and corrosion.
 v - a scarf of repulsion (worn)
 R - a +0 pair of gloves (worn)
 Y - a +0 buckler
Jewellery
 d - a +5 ring of evasion (right hand)
 g - a ring of fire
 y - a ring of poison resistance
 D - the amulet of the Four Winds (around neck) {rN+ Will+++ Clar}
   (You found it in a Gauntlet)

   [amulet of nothing]

   rN:        It protects you from negative energy.
   Clar:      It protects you from confusion, rage, mesmerisation and fear.
   Will:      It greatly increases your willpower.
 M - the ring of the Tortoise (left hand) {AC+8}
   (You found it on level 9 of the Dungeon)

   [ring of protection]

   AC:        It affects your AC (+8).
 W - the macabre finger necklace {Finger+ rN+}
   (You found it on level 2 of the Lair of Beasts)

   [amulet of nothing]

   Finger+:   It enables you to equip an extra ring.
   rN:        It protects you from negative energy.
Wands
 t - a wand of flame (29)
 u - a wand of quicksilver (18)
 x - a wand of digging (8)
 L - a wand of mindburst (19)
 N - a wand of polymorph (23)
 Q - a wand of charming (13)
 X - a wand of roots (23)
Scrolls
 e - 7 scrolls of vulnerability
 i - 12 scrolls of teleportation
 m - 6 scrolls of magic mapping
 q - 12 scrolls of enchant armour
 s - 6 scrolls of fog
 w - 4 scrolls of silence
 A - 15 scrolls of blinking
 C - 3 scrolls of fear
 E - 19 scrolls of identify
 H - a scroll of enchant weapon
 I - 6 scrolls of summoning
 U - a scroll of poison
Potions
 c - a potion of berserk rage
 h - 3 potions of resistance
 j - a potion of attraction
 l - 6 potions of heal wounds
 n - 15 potions of curing
 o - 8 potions of ambrosia
 p - 5 potions of might
 z - 7 potions of invisibility
 F - 3 potions of cancellation
 G - 5 potions of magic
 J - 5 potions of brilliance
 K - 8 potions of mutation
 P - 5 potions of flight
 Z - 2 potions of haste


   Skills:
 * Level 18.7 Fighting
 + Level 16.5 Axes
 + Level 13.0 Throwing
 + Level 17.3 Armour
 + Level 16.0 Dodging
 - Level 10.0 Shields


You had 16 spell levels left.
You didn't know any spells.
Your spell library was empty.

Dungeon Overview and Level Annotations

Branches:
Dungeon (15/15)            Temple (0/1) D:4            Lair (5/5) D:10
 Shoals (2/4) Lair:2       Spider (4/4) Lair:3        Slime (0/5) Lair:5
    Orc (2/2) D:10            Elf (0/3) Orc:2        Vaults (0/5) D:14
 Depths (0/4) D:15         Bailey (visited)         Gauntlet (visited)

Altars:
Elyvilon
Fedhas
Gozag
Makhleb
Okawaru
Sif Muna
Vehumet
Wu Jian
Yredelemnul
Jiyva
Lugonu

Shops:
D:3 =   D:4 (   D:11 (   Orc:2 =((=

Portals:
Abyss: Lair:5
Trove: D:10 (give +4 ice dragon scales)

Annotations:
Shoals:2 Polyphemus


Innate Abilities, Weirdness & Mutations

You have a pair of horns on your head.
You reflexively headbutt those who attack you in melee.
You are strong-willed. (Will+)


Message History

* * * LOW HITPOINT WARNING * * *
The death yak gores you.
* * * LOW HITPOINT WARNING * * *
The death yak gores you!
* * * LOW HITPOINT WARNING * * *
The death yak gores you!
* * * LOW HITPOINT WARNING * * *
The death yak gores your red devil!
Your neqoxec hits Polyphemus but does no damage.
Your red devil hits the death yak with a +2 demon trident of freezing!
The death yak is skewered by barbed spikes.
Your red devil freezes the death yak.
The skyshark bites you!
* * * LOW HITPOINT WARNING * * *
The skyshark tail-slaps you but does no damage. x2
Visions of slaying Polyphemus flood into your mind.
You are engulfed in calcifying dust.
The water nymph gestures at you while chanting.
The water rises up and strikes you. Polyphemus barely misses you.
Polyphemus hits you but does no damage. The death yak gores you.
* * * LOW HITPOINT WARNING * * *
The death yak gores you.
* * * LOW HITPOINT WARNING * * *
The death yak gores you!
* * * LOW HITPOINT WARNING * * *
The death yak misses your red devil.
Your neqoxec gestures at Polyphemus.
Polyphemus twists and deforms.
Your red devil barely misses the death yak.
The skyshark bites you but does no damage.
The skyshark tail-slaps you.
* * * LOW HITPOINT WARNING * * *
The skyshark tail-slaps you but does no damage.
Visions of slaying the skyshark flood into your mind.
The harpy claws you!
* * * LOW HITPOINT WARNING * * *
The harpy claws you!
* * * LOW HITPOINT WARNING * * *
The harpy claws you but does no damage. x2; The death yak gores your red devil.
The death yak gores you!!
You die...

.~~≈≈
~~~~≈≈≈≈≈≈...P≈≈≈≈≈≈≈≈≈≈
.[..~≈≈≈≈~....≈≈≈≈≈≈~≈≈≈
....~~≈≈≈~~..P≈≈≈≈≈~~~≈≈
...~~≈≈≈≈≈~~P≈≈≈≈≈~~~~~≈
..~~Y≈≈≈≈≈≈~~......~~~≈≈
.....4≈≈≈≈≈≈~P.....~~~≈≈
#.....ClH~≈≈~~~~~~~~~≈≈≈
>....3Y@Y~≈≈≈P~~~~)~≈≈≈≈
...~~~m~Y~≈≈≈≈≈≈≈≈≈≈≈≈≈≈
...~~H...3)≈≈≈≈≈≈≈≈≈≈≈≈≈
...~~~~...~≈≈≈≈≈≈≈≈≈≈≈≈≈
...~~~...~~≈≈≈≈≈≈≈≈≈≈≈≈≈
.......~~~~≈≈≈≈≈≈≈≈≈≈≈≈≈
..~~~~~~~~≈≈≈≈≈≈≈≈≈≈≈≈≈≈
~~~~~~~~≈≈≈≈≈≈≈≈≈≈≈≈≈≈≈≈
≈≈≈≈≈≈≈≈≈≈≈≈≈≈≈≈≈≈≈≈≈


You could see Polyphemus (distracted, misshapen, drained, ally target), 4 death
yaks, a skyshark (mesmerising, strong), a manticore, a water nymph, a harpy, a
friendly sixfirhy (summoned, petrified), a friendly neqoxec (summoned) and a
friendly red devil (summoned).

Vanquished Creatures
  Nikola (Shoals:1)
  Arachne (Spider:4)
  Jorgrun (D:14)
  Gastronok (Lair:2)
  Donald (Shoals:1)
  3 emperor scorpions
  An orc warlord (Orc:1)
  5 ghost moths (Spider:4)
  The ghost of Gadrel the Convoker, a journeyman MfSu of Hepliaklqana (D:15)
  A deep elf demonologist (Shoals:1)
  5 spark wasps
  A minotaur (Gauntlet)
  An ettin (D:15)
  A merfolk impaler (Shoals:1)
  2 merfolk javelineers (Shoals:2)
  3 entropy weavers
  10 hydras
  The ghost of JanusIIV the Markself, a journeyman DEHu of Dithmenos (Lair:2)
  Erolcha (D:12)
  Erica (D:10)
  3 catoblepae
  A jorogumo (Spider:2)
  10 centaur warriors
  2 radroaches
  2 boulder beetles
  A merfolk avatar (Shoals:1)
  3 death yaks
  8 two-headed ogres
  A tengu warrior (D:15)
  3 orc high priests (Orc:2)
  2 thrashing horrors (Lair:5)
  Nergalle (D:12)
  5 skysharks (Shoals:1)
  A sixfirhy (Gauntlet)
  6 pharaoh ants
  A sun moth (Spider:1)
  A deep troll (D:15)
  6 orb spiders
  2 sea snakes (Shoals:1)
  3 deep elf archers (Shoals:1)
  5 harpies
  4 steelbarb worms
  9 orc knights
  A lindwurm (Lair:5)
  3 deep elf zephyrmancers (Shoals:1)
  3 deep elf pyromancers
  2 necromancers
  An oklob plant (Lair:4)
  9 orc sorcerers
  8 manticores
  14 wolf spiders
  12 ugly things
  4 cyclopes
  5 moths of wrath
  2 demonic crawlers (Spider:1)
  9 cane toads
  6 merfolk sirens
  5 torpor snails
  3 black mambas
  A water nymph (Shoals:2)
  3 gargoyles
  5 rime drakes
  An unseen horror (shapeshifter) (Lair:5)
  Maggie (D:7)
  A komodo dragon (shapeshifter) (D:15)
  A kobold demonologist (D:12)
  A tengu conjurer (D:15)
  6 komodo dragons
  6 meliai
  5 trolls
  2 ancient zymes (Lair:5)
  9 merfolk
  A wind drake (Shoals:2)
  A polar bear (Lair:5)
  Prince Ribbit (D:5)
  5 hornets
  14 tarantellas
  14 blink frogs (Lair:5)
  3 snapping turtles
  11 dream sheep (Lair:5)
  5 shadows
  10 jumping spiders
  17 culicivoras
  4 wraiths
  4 water elementals
  17 yaks
  7 small abominations (Lair:5)
  A vampire (D:10)
  5 wyverns
  A large abomination (Lair:5)
  12 basilisks
  4 chaos spawn (Lair:5)
  37 redbacks
  A steam dragon (D:7)
  7 vampire mosquitoes
  9 wargs
  3 acid dragons
  18 water moccasins
  4 ice beasts (D:6)
  A sky beast (D:8)
  4 black bears
  30 orc warriors
  13 centaurs
  9 ogres
  5 wolves (Lair:1)
  A phantom (D:7)
  2 kobold brigands (D:10)
  Blork the orc (D:5)
  2 gnoll sergeants
  7 bullfrogs
  5 scorpions
  14 wights
  6 howler monkeys
  3 electric eels
  3 jellies
  4 hounds
  14 orc priests
  2 sleepcaps
  6 iguanas
  29 orc wizards
  8 hell rats (Lair:5)
  8 gnolls
  4 adders
  A white imp (D:6)
  3 ufetubi
  2 worms (D:4)
  2 dart slugs (D:1)
  93 orcs
  5 endoplasms
  7 giant cockroaches
  4 goblins
  4 hobgoblins (D:1)
  A jackal (D:4)
  2 quokkas
  7 ball pythons
  2 bats (D:1)
  12 kobolds
793 creatures vanquished.

Vanquished Creatures (collateral kills)
  A broodmother (Spider:4)
  3 entropy weavers
  A centaur warrior (D:15)
  A boulder beetle (D:12)
  A merfolk aquamancer (Shoals:1)
  A satyr (Shoals:2)
  3 death yaks (Lair:5)
  A skyshark (Lair:4)
  A deep elf archer (Shoals:1)
  An orc knight (Orc:2)
  3 harpies (Shoals:1)
  A deep elf zephyrmancer (Shoals:1)
  5 wolf spiders
  2 orc sorcerers
  A moth of wrath (Gauntlet)
  A manticore (Shoals:2)
  A black mamba (Lair:5)
  A merfolk siren (Shoals:1)
  A demonic crawler (Spider:1)
  2 torpor snails
  A komodo dragon (Lair:5)
  A rime drake (Lair:5)
  A komodo dragon (shapeshifter) (D:15)
  A merfolk (Shoals:1)
  A hornet (Spider:4)
  5 blink frogs (Lair:5)
  2 tarantellas
  4 dream sheep (Lair:5)
  9 jumping spiders
  5 culicivoras
  5 yaks
  A water elemental (Shoals:1)
  3 basilisks (Lair:5)
  A chaos spawn (Lair:5)
  11 redbacks
  A water moccasin (Lair:5)
  3 orc warriors
  An ogre (Orc:1)
  2 small abominations (Lair:5)
  2 orc priests
  2 orc wizards (Orc:2)
  3 orcs
97 creatures vanquished.

Grand Total: 890 creatures vanquished

Notes
Turn   | Place    | Note
-------+----------+-------------------------------------------
     0 | D:1      | melkoren the Minotaur Berserker began the quest for the
                  | Orb.
     0 | D:1      | Reached XP level 1. HP: 19/19 MP: 0/0
   153 | D:1      | Reached XP level 2. HP: 25/27 MP: 1/1
   469 | D:1      | Reached skill level 4 in Fighting
  1864 | D:3      | Reached XP level 3. HP: 33/33 MP: 2/2
  2088 | D:3      | Reached ** piety under Trog
  2163 | D:3      | Found Ishru Zycs's Jewellery Shop.
  2528 | D:4      | Noticed a scorpion
  2529 | D:4      | Reached XP level 4. HP: 40/40 MP: 3/3
  2541 | D:4      | Killed a scorpion
  2542 | D:4      | Reached XP level 5. HP: 47/47 MP: 4/4
  3060 | D:4      | Reached skill level 5 in Fighting
  3060 | D:4      | Reached skill level 5 in Axes
  3062 | D:4      | HP: 2/72 [something/magic dart (9)]
  3067 | D:4      | HP: 2/72 [something (1)]
  3528 | D:4      | Identified the +4 ring mail of Pessimism {Regen+ rCorr
                  | SInv}
  3534 | D:4      | Found Katam's Antique Weapon Boutique.
  3536 | D:4      | Noticed an ogre
  3544 | D:4      | Reached XP level 6. HP: 56/56 MP: 5/5
  3593 | D:4      | Identified the +3 hand axe "Demon's Demise" {heavy, MP+9
                  | Dex+2 SInv}
  4136 | D:4      | Reached skill level 5 in Armour
  4136 | D:4      | Reached XP level 7. HP: 62/62 MP: 6/6
  4354 | D:4      | Noticed a wyvern
  4360 | D:4      | Killed a wyvern
  4371 | D:4      | Reached skill level 6 in Fighting
  4492 | D:4      | Found a staircase to the Ecumenical Temple.
  4493 | D:4      | Gained mutation: You are strong-willed. (Will+) [potion of
                  | mutation]
  4514 | D:5      | Entered Level 5 of the Dungeon
  4514 | D:5      | Found a basalt altar of Yredelemnul.
  4573 | D:5      | Identified the +0 ring mail "Cergh" {+Inv MP-9 Slay+5}
  4638 | D:5      | Reached skill level 5 in Dodging
  4811 | D:5      | Reached XP level 8. HP: 71/71 MP: 7/7
  4813 | D:5      | Reached *** piety under Trog
  4924 | D:5      | Noticed Blork the orc
  4930 | D:5      | Killed Blork the orc
  5157 | D:5      | Noticed Prince Ribbit
  5164 | D:5      | Killed Prince Ribbit
  5533 | D:6      | Reached skill level 7 in Fighting
  5906 | D:6      | Reached XP level 9. HP: 79/79 MP: 8/8
  6077 | D:6      | Found a faded altar of an unknown god.
  6846 | D:7      | Reached skill level 8 in Fighting
  6846 | D:7      | Reached skill level 10 in Axes
  7241 | D:7      | Found a blossoming altar of Fedhas.
  7246 | D:7      | Found a burning altar of Makhleb.
  7251 | D:7      | Found an iron altar of Okawaru.
  7360 | D:7      | Reached **** piety under Trog
  7504 | D:7      | Noticed Maggie
  7511 | D:7      | Killed Maggie
  8671 | D:9      | Reached XP level 10. HP: 79/90 MP: 9/9
  8916 | D:9      | Found a flagged portal.
  8923 | Bailey   | Entered a bailey
  8931 | Bailey   | Reached skill level 1 in Throwing
  8972 | Bailey   | Reached skill level 9 in Fighting
  9054 | Bailey   | Noticed an orc knight
  9132 | Bailey   | Killed an orc knight
  9354 | Bailey   | Noticed an orc knight
  9367 | Bailey   | Killed an orc knight
  9955 | D:9      | Found a radiant altar of Vehumet.
 10049 | D:9      | Noticed a two-headed ogre
 10054 | D:9      | Killed a two-headed ogre
 10229 | D:9      | Found the ring of the Tortoise {AC+8}
 10320 | D:10     | Entered Level 10 of the Dungeon
 10334 | D:10     | Found a portal to a secret trove of treasure.
 10402 | D:10     | Noticed a two-headed ogre
 10411 | D:10     | Killed a two-headed ogre
 10454 | D:10     | Found a staircase to the Lair.
 10459 | D:10     | Reached XP level 11. HP: 91/99 MP: 10/10
 10597 | D:10     | Noticed Erica
 10608 | D:10     | Killed Erica
 10771 | D:10     | Reached skill level 10 in Fighting
 11057 | D:10     | Noticed a two-headed ogre
 11066 | D:10     | Killed a two-headed ogre
 11287 | D:10     | Found a staircase to the Orcish Mines.
 11302 | D:10     | Reached skill level 10 in Armour
 11347 | D:10     | Noticed a two-headed ogre
 11355 | D:10     | Killed a two-headed ogre
 12394 | Lair:1   | Entered Level 1 of the Lair of Beasts
 12444 | Lair:1   | Found the +16 obsidian axe {drain, demonic, Mesm Drain Fly
                  | SInv}
 12495 | Lair:1   | Reached skill level 5 in Throwing
 12531 | Lair:1   | You fall into a shaft and drop 1 floor!
 12536 | Lair:2   | Reached skill level 11 in Fighting
 12574 | Lair:2   | Identified the +0 chain mail "Wunourru" {rN+ Dex+5}
 12643 | Lair:2   | Noticed an eight-headed hydra
 12649 | Lair:2   | Reached XP level 12. HP: 60/110 MP: 2/11
 12653 | Lair:2   | Killed a four-headed hydra
 12654 | Lair:2   | Reached skill level 10 in Dodging
 13043 | Lair:2   | Noticed Gastronok
 13067 | Lair:2   | Killed Gastronok
 13067 | Lair:2   | Reached ***** piety under Trog
 13545 | Lair:2   | Found a transporter.
 14755 | Lair:2   | Found a staircase to the Shoals.
 14863 | Lair:2   | Found a transporter.
 14873 | Lair:2   | Noticed JanusIIV's ghost (journeyman DEHu)
 14873 | Lair:2   | Found the macabre finger necklace {Finger+ rN+}
 14875 | Lair:2   | Noticed a death yak
 15199 | Lair:2   | Killed a death yak
 15201 | Lair:2   | Killed JanusIIV's ghost
 15202 | Lair:2   | Reached skill level 12 in Fighting
 15308 | Lair:3   | Found a hole to the Spider Nest.
 16448 | Lair:4   | Noticed a seven-headed hydra
 16458 | Lair:4   | Killed a ten-headed hydra
 16490 | Lair:4   | Identified the staff of fire "Uhann" {rF+ MP+9 Str+5}
 16522 | Lair:4   | Noticed a seven-headed hydra
 16527 | Lair:4   | Killed a nine-headed hydra
 16528 | Lair:4   | Reached XP level 13. HP: 119/119 MP: 12/12
 16697 | Lair:4   | Found an ornate altar of the Wu Jian Council.
 16814 | Lair:5   | Entered Level 5 of the Lair of Beasts
 16819 | Lair:5   | Found a viscous altar of Jiyva.
 16849 | Lair:5   | Found a staircase to the Slime Pits.
 16905 | Lair:5   | Reached skill level 13 in Fighting
 17130 | Lair:5   | Identified the +6 broad axe of the Candle {antimagic, rC+}
                  | (Trog gifted it to you on level 5 of the Lair of Beasts)
 17130 | Lair:5   | Received a gift from Trog
 17336 | Lair:5   | Reached skill level 14 in Fighting
 17515 | Lair:5   | Reached XP level 14. HP: 132/132 MP: 13/13
 17826 | Lair:5   | Reached skill level 1 in Shields
 17917 | Lair:5   | Found a corrupted altar of Lugonu.
 17917 | Lair:5   | Found a one-way gate to the infinite horrors of the Abyss.
 18189 | Orc:1    | Entered Level 1 of the Orcish Mines
 18201 | Orc:1    | Identified the +8 bardiche of Fiwyug {flame, Stlth+} (Trog
                  | gifted it to you on level 1 of the Orcish Mines)
 18201 | Orc:1    | Received a gift from Trog
 18836 | Orc:2    | Entered Level 2 of the Orcish Mines
 18944 | Orc:2    | Found a staircase to the Elven Halls.
 19047 | Orc:2    | Found Misyiz's Jewellery Shoppe.
 19060 | Orc:2    | Reached skill level 10 in Throwing
 19077 | Orc:2    | Reached ****** piety under Trog
 19081 | Orc:2    | Reached skill level 5 in Shields
 19818 | Orc:2    | Found Nayfepn's Weapon Shoppe.
 19819 | Orc:2    | Found Qukhlues's Jewellery Shop.
 19830 | Orc:2    | Found Laleg's Antique Weapon Shop.
 19964 | Orc:1    | Noticed an orc warlord
 19971 | Orc:1    | Killed an orc warlord
 20572 | D:11     | Found a gate leading to a gauntlet.
 20612 | D:11     | Found Gidunuap's Weapon Shoppe.
 20635 | Gauntlet | Entered a Gauntlet
 20635 | Gauntlet | Found a transporter.
 20635 | Gauntlet | Found a transporter.
 20636 | Gauntlet | Found a transporter.
 20639 | Gauntlet | Found a transporter.
 20639 | Gauntlet | Found a transporter.
 20639 | Gauntlet | Found a transporter.
 20641 | Gauntlet | Found a large runed translucent door.
 20642 | Gauntlet | Found a large runed translucent door.
 20643 | Gauntlet | Found a large runed translucent door.
 20643 | Gauntlet | Found a large runed translucent door.
 20643 | Gauntlet | Found a runed translucent door.
 20644 | Gauntlet | Found a large runed translucent door.
 20645 | Gauntlet | Found a large runed translucent door.
 20646 | Gauntlet | Found a large runed translucent door.
 20646 | Gauntlet | Found a large runed translucent door.
 20647 | Gauntlet | Found a runed translucent gate.
 20650 | Gauntlet | Found the amulet of the Four Winds {rN+ Will+++ Clar}
 20651 | Gauntlet | Found a transporter.
 20653 | Gauntlet | Found a transporter.
 20759 | Gauntlet | Found a transporter.
 20783 | Gauntlet | Found a transporter.
 21001 | D:11     | Identified the +7 spear of Puxass {spect, rN+++ Str-5
                  | Int+5}
 21042 | D:11     | Identified the +0 ring mail "Neps" {+Inv Int+3}
 21052 | D:11     | Reached skill level 15 in Fighting
 21861 | D:12     | Noticed Nergalle
 21867 | D:12     | Killed Nergalle
 21959 | D:12     | Noticed Erolcha
 21965 | D:12     | Killed Erolcha
 22200 | D:12     | Reached XP level 15. HP: 141/141 MP: 14/14
 22656 | D:13     | Found a flickering gateway to a bazaar.
 22668 | Bazaar   | Entered a bazaar
 22689 | Bazaar   | Found Ewaepiuc's Magic Scroll Emporium.
 22705 | Bazaar   | Found Muameoj's Weapon Shoppe.
 22721 | Bazaar   | Found Rif New's Assorted Antiques.
 22812 | Bazaar   | Bought a scroll of silence for 104 gold pieces
 22812 | Bazaar   | Bought 3 scrolls of blinking for 247 gold pieces
 22812 | Bazaar   | Bought a scroll of blinking for 82 gold pieces
 22812 | Bazaar   | Bought a scroll of teleportation for 33 gold pieces
 22812 | Bazaar   | Bought a scroll of blinking for 82 gold pieces
 22885 | D:13     | Received a gift from Trog
 22886 | D:13     | Reached skill level 15 in Armour
 23721 | D:14     | Found a gate to the Vaults.
 23895 | D:14     | Noticed Jorgrun
 23906 | D:14     | Killed Jorgrun
 24210 | D:14     | Found a shimmering blue altar of Sif Muna.
 24626 | D:15     | Entered Level 15 of the Dungeon
 24719 | D:15     | Found a runed translucent door.
 24719 | D:15     | Noticed Gadrel's ghost (journeyman MfSu)
 24729 | D:15     | Killed Gadrel's ghost
 25227 | D:15     | Found an opulent altar of Gozag.
 25302 | D:15     | Found a staircase to the Depths.
 25369 | D:15     | Received a gift from Trog
 25370 | D:15     | Reached skill level 10 in Shields
 25588 | D:15     | Found a white marble altar of Elyvilon.
 25912 | Spider:1 | Entered Level 1 of the Spider Nest
 26415 | Spider:1 | Reached skill level 16 in Fighting
 26415 | Spider:1 | Reached XP level 16. HP: 137/151 MP: 15/15
 26869 | Spider:1 | Reached skill level 15 in Axes
 27394 | Spider:2 | Received a gift from Trog
 27403 | Spider:2 | Identified the +2 shortbow of Ymeiwiz {freeze, rPois rN+
                  | Will+}
 27550 | Spider:2 | You are sucked into a shaft and drop 1 floor!
 27685 | Spider:2 | Identified the +5 ring mail of Devotion {rF+}
 28465 | Spider:3 | Reached skill level 15 in Dodging
 29064 | Spider:4 | Entered Level 4 of the Spider Nest
 29371 | Spider:4 | Reached skill level 17 in Fighting
 29408 | Spider:4 | Received a gift from Trog
 29442 | Spider:4 | Noticed Arachne
 29458 | Spider:4 | Killed Arachne
 31057 | Spider:4 | Reached XP level 17. HP: 146/163 MP: 16/16
 31060 | Spider:4 | Got a gossamer rune of Zot
 31244 | Shoals:1 | Entered Level 1 of the Shoals
 31355 | Shoals:1 | Received a gift from Trog
 31377 | Shoals:1 | Reached skill level 18 in Fighting
 32328 | Shoals:1 | Noticed Donald
 32333 | Shoals:1 | Killed Donald
 32369 | Shoals:1 | Identified the +2 pair of gloves of Cheibriados's Grace
                  | {MP+9}
 32369 | Shoals:1 | Noticed Nikola
 32391 | Shoals:1 | Killed Nikola
 32427 | Shoals:1 | Identified the +4 chain mail of the Watchman {rF+ Str+3
                  | Int+4}
 32772 | Shoals:2 | Identified the +0 plate armour of Bedevilment {Harm rPois
                  | Int+5}
 33036 | Shoals:2 | Noticed Polyphemus
 33048 | Shoals:2 | HP: 8/166 [harpy (6)]
 33048 | Shoals:2 | HP: 3/166 [harpy (5)]
 33048 | Shoals:2 | Mangled by a death yak

Illustrated notes

Levels and vault maps discovered:
D:1:      dpeg_arrival_arbitrary_c, layout_basic
D:2:      layout_basic, roderic_lattice_a, nicolae_figureground_sparkle
D:3:      layout_rooms, serial_shops, shop, nicolae_elevator_lobby_plus
D:4:      minmay_razor_zed, layout_loops_ring, temple_hall_moat, serial_shops,
          nicolae_stop_n_shop_2
D:5:      layout_layer_cave, old_standard_altar, due_unseen_surprise,
          uniq_prince_ribbit1, uniq_blork_the_orc
D:6:      layout_cave_pools, serial_column_ruins, column_ruins_grid_5,
          column_ruins_temple_hut, column_ruins_grid_2, column_ruins_open_tiny,
          column_ruins_corridor_water, column_ruins_open_large
D:7:      layout_cave_pools, minmay_overflow_temple_star_quad,
          hangedman_abyss_or_decor_stabs, uniq_maggie
D:8:      layout_loops_ring, minmay_stone_trees_small,
          kennysheep_generic_room_14
D:9:      layout_basic, lemuel_tele_altar, enter_bailey_2,
          grunt_decor_mini_mirrors
D:10:     layout_roguey, grunt_lair_entry_orc_guard_hut,
          minmay_orc_entry_guard_dogs, nicolae_trove_entry_crystal,
          minmay_joined_circles, uniq_erica
D:11:     layout_basic, serial_shops, nicolae_take_the_stairs,
          gauntlet_entry_generic
D:12:     layout_irregular_city, uniq_nergalle, uniq_erolcha
D:13:     layout_basic, serial_shops, bzr_entry_islet
D:14:     layout_basic, david_vaults_1, nicolae_sif_muna_condensation,
          kennysheep_generic_room_12, uniq_jorgrun
D:15:     hangedman_depths_entry_civil_slaughter, layout_basic,
          ebering_ghost_inner_flame, nicolae_gozag_seed_capital,
          elyvilon_altar_5
Lair:1:   hellmonk_ruined_rings, layout_loops_ring, enter_volcano_4,
          dreamdust_deal_with_the_devil, infiniplex_staircase_pool
Lair:2:   layout_cave_pods, minmay_shoals_entry_hut,
          gammafunk_ghost_berserking_beasts, nicolae_quartered_pool_super,
          grunt_megastairs_3, uniq_gastronok
Lair:3:   layout_layer_cave, nicolae_spider_entry_non_spiders,
          lemuel_fruit_fields
Lair:4:   layout_cave_shapes, lemuel_oklob_altar, lemuel_fruit_tree,
          serial_bayou_shore_b, serial_bayou_shore_a
Lair:5:   hellmonk_lair_end_abyssal_woods, layout_small_grid,
          nicolae_slime_entry_field_trip, special_room
          [special_room_mythical_zoo], lemuel_fruit_fields, serial_bayou_shore_b
Shoals:1: nicolae_shoals_deep_elves_summer_vacation, layout_shoals, uniq_nikola,
          uniq_donald
Shoals:2: layout_shoals, uniq_ilsuiw, uniq_frances, uniq_polyphemus
Spider:1: layout_spider_delve, nicolae_spider_eight_legs
Spider:2: layout_spider_delve, hangedman_spider_mandibles,
          hangedman_spider_tarantella_strand, nicolae_spider_cling_halls
Spider:3: layout_spider_delve
Spider:4: spider_rune_water, uniq_arachne
Orc:1:    layout_caves
Orc:2:    st_orc_elflike, layout_caves, basic_altar

Skill      XL: |  1  2  3  4  5  6  7  8  9 10 11 12 13 14 15 16 17 |
---------------+----------------------------------------------------+-----
Fighting       | 4 5 6 7 8 9 11 12 14 15 16 17 18 | 18.7
Axes           | 4 5 7 9 11 12 14 15 16 | 16.5
Armour         | 3 4 5 6 8 9 10 12 13 14 15 16 17 | 17.3
Dodging        | 3 4 5 6 7 8 9 11 12 13 14 15 16 | 16.0
Throwing       | 3 5 7 9 10 11 12 13 | 13.0
Shields        | 7 10 | 10.0

Action                     |  1- 3 |  4- 6 |  7- 9 | 10-12 | 13-15 | 16-18 || total
---------------------------+-------+-------+-------+-------+-------+-------++-------
  Melee: Hand axe          |    57 |    72 |   141 |   216 |       |       ||   486
         Headbutt          |     8 |    10 |    22 |    64 |   133 |    94 ||   331
         Punch             |     1 |       |     3 |     6 |       |       ||    10
         Scimitar          |       |       |       |     7 |       |       ||     7
         Broad axe         |       |       |       |    82 |   635 |   454 ||  1171
  Throw: Stone             |       |       |       |       |       |     7 ||     7
         Javelin           |       |       |       |       |       |     5 ||     5
 Invoke: Berserk           |       |     4 |     2 |    14 |    10 |     4 ||    34
         Trog's Hand       |       |       |       |     1 |       |       ||     1
    Use: Scroll            |     7 |     1 |     9 |       |     8 |     1 ||    26
         Potion            |     2 |     2 |     4 |       |       |     3 ||    11
   Stab: Sleeping          |     1 |     2 |       |       |       |       ||     3
         Distracted        |       |       |       |       |     6 |     4 ||    10
         Paralysed         |       |       |       |       |     1 |       ||     1
         Petrified         |       |       |       |       |       |     1 ||     1
 Armour: Animal skin       |    12 |    20 |       |       |       |       ||    32
         Skin              |       |    40 |       |       |       |       ||    40
         Ring mail         |       |       |    26 |    97 |   187 |   138 ||   448
  Dodge: Dodged            |    47 |    70 |   151 |   330 |   645 |   434 ||  1677
         Repelled          |       |       |       |     2 |    12 |    10 ||    24
  Block: Buckler           |       |       |       |    13 |   192 |   131 ||   336
         Kite shield       |       |       |       |       |       |    36 ||    36
